 Dungeon Crawl Stone Soup version 0.27.1-34-g3ba077fa99 (webtiles) character file.

Game seed: 2759620587308311357

22 zeram the Shield-Bearer (level 2, 0/21 HPs)
             Began as an Octopode Fighter on Jan 21, 2022.
             Slain by a goblin (6 damage)
             ... led by Robin
             ... on level 2 of the Dungeon.
             The game lasted 00:01:12 (1155 turns).

zeram the Shield-Bearer (Octopode Fighter)          Turns: 1155, Time: 00:01:12

Health: 0/21       AC:  1    Str: 15    XL:     2   Next: 91%
Magic:  2/2        EV: 11    Int: 10    God:
Gold:   32         SH:  9    Dex: 11    Spells: 1/1 levels left

rFire    . . .     SeeInvis .   a - +0 war axe
rCold    . . .     Faith    .   b - +0 kite shield
rNeg     . . .     Spirit   .   (helmet restricted)
rPois    .         Reflect  .   (no amulet)
rElec    .         Harm     .   (no ring)
rCorr    .         Rampage  .   (no ring)
Will     .....                  (no ring)
Stlth    ++........             (no ring)
HPRegen  0.07/turn              (no ring)
MPRegen  0.08/turn              (no ring)
                                (no ring)
                                (no ring)

@: mighty
A: almost no armour, amphibious, 8 rings, camouflage 1, gelatinous body 1,
(nimble swimmer 1), tentacles
a: no special abilities


You were on level 2 of the Dungeon.
You visited 1 branch of the dungeon, and saw 2 of its levels.

You collected 32 gold pieces.

Inventory:

Hand Weapons
 a - a +0 war axe (weapon)
Missiles
 d - 9 poisoned darts (quivered)
Armour
 b - a +0 kite shield (worn)
Jewellery
 e - an amulet of reflection
Potions
 g - a potion of brilliance
 j - a potion of curing {unknown}


   Skills:
 - Level 3.0 Fighting
 - Level 2.0 Axes
 - Level 3.0 Dodging
 + Level 4.0 Shields


You had one spell level left.
You didn't know any spells.
Your spell library was empty.

Dungeon Overview and Level Annotations

Branches:
Dungeon (2/15)

Altars:

Annotations:
D:2 Robin


Innate Abilities, Weirdness & Mutations

You cannot wear most types of armour.
You are amphibious.
You can wear up to eight rings at the same time.
Your skin changes colour to match your surroundings (Stealth+).
Your rubbery body absorbs attacks. (AC +1, EV +1)
((You are camouflaged near water. (Stealth+)))
You have tentacles for arms and can constrict up to eight enemies at once.


Message History

The goblin hits you with a +0 club. You block the goblin's attack.
You slash the hobgoblin!
You kill the hobgoblin!
You barely miss the goblin. You hit the goblin. Robin throws the goblin at you!
A goblin comes into view. It is wielding a +0 club.
The goblin hits you with a +0 dagger. The goblin completely misses you.
The goblin hits you with a +0 club.
A goblin comes into view. It is wielding a +0 club.
The goblin completely misses you.
Unknown command.
Robin roars a battlecry!
The goblins go into a battle-frenzy!
The goblin closely misses you. The goblin misses you.
You hear a shout!
You slash the goblin!
You kill the goblin!
You hit the goblin. x2
You kill the goblin!
You barely miss the goblin. The goblin hits you with a +0 dagger.
* * * LOW HITPOINT WARNING * * *
You block the goblin's attack. The goblin hits you with a +0 club.
* * * LOW HITPOINT WARNING * * *
The goblin hits you but does no damage.
Your Shields skill increases to level 4!
You block the goblin's attack.
Robin roars a battlecry!
The goblins go into a battle-frenzy!
Things that are here:
a +0 club; a goblin corpse You block the goblin's attack.
You feel very mighty all of a sudden. You block the goblin's attack.
You slash the goblin!
You kill the goblin!
The goblin closely misses you.
You closely miss the goblin. Your grab misses the goblin.
You block the goblin's attack.
You barely miss the goblin. Your grab misses the goblin.
The goblin hits you with a +0 club.
You die...

.....<.......#######..#
..........#### #.....
...####..### #.#...
..#####..##########.#...
............†...... #...
.g.......#.######## ##.#
###......#.##### #..
.(.........#...# #.#
.#.###@#......# #..
#>###g#..#...### #.#
#...ggg.)....... .
........g..#.(.###
#....####.#.....# #....
.......... ....
.........## #..
###g.#...## ##. #..##.##


You could see Robin and 5 goblins.

Vanquished Creatures
  2 ball pythons (D:1)
  2 bats (D:1)
  A giant cockroach (D:1)
  4 goblins
  3 hobgoblins
  3 jackals (D:1)
  A quokka (D:1)
  A frilled lizard (D:1)
  2 rats
19 creatures vanquished.

Notes
Turn   | Place    | Note
-------+----------+-------------------------------------------
     0 | D:1      | zeram the Octopode Fighter began the quest for the Orb.
     0 | D:1      | Reached XP level 1. HP: 16/16 MP: 1/1
   336 | D:1      | Reached XP level 2. HP: 21/21 MP: 2/2
   379 | D:1      | Found a faded altar of an unknown god.
  1144 | D:2      | Noticed Robin
  1149 | D:2      | Reached skill level 4 in Shields
  1155 | D:2      | Slain by a goblin

Illustrated notes

Levels and vault maps discovered:
D:1:      matt_arrival_spirals, layout_basic,
          hellmonk_ecumenical_altar_lost_god, minivault_27
D:2:      layout_loops_ring, minmay_pentomino_w4, uniq_robin

Skill      XL: |  1  2 |
---------------+-------+-----
Shields        | 4 |  4.0
Fighting       | |  3.0
Axes           | |  2.0
Dodging        | |  3.0

Action                   || total
-------------------------++-------
Melee: War axe           ||    36
       Constrict         ||     5
       Tentacles         ||     1
  Use: Scroll            ||     3
       Potion            ||     1
 Stab: Sleeping          ||     2
Armor: Skin              ||     4
Dodge: Dodged            ||    19
Block: Kite shield       ||    23
